 Dungeon Crawl Stone Soup version 0.28.0-53-g5a82cb258f (webtiles) character file.

Game seed: 11440744826086370728

6955 Icepheonix32 the Transmogrifier (level 11, -1/77 HPs)
             Began as a Merfolk Transmuter on June 6, 2022.
             Was an Initiate of Sif Muna.
             Succumbed to a hornet's poison
             ... on level 9 of the Dungeon on June 7, 2022.
             The game lasted 00:45:52 (14288 turns).

Icepheonix32 the Transmogrifier (MfTm)             Turns: 14288, Time: 00:45:53

Health: -1/77      AC: 11    Str: 11    XL:     11   Next: 7%
Magic:  16/16      EV: 15    Int: 23    God:    Sif Muna [......]
Gold:   998        SH:  0    Dex: 16    Spells: 7/17 levels left

rFire   x . .      SeeInvis .     - Unarmed
rCold   + . .      Faith    .   c - orb {light}
rNeg    . . .      Spirit   .   L - +0 steam dragon scales
rPois   .          Reflect  .   l - +0 helmet
rElec   .          Harm     .   a - +2 cloak {Stlth+}
rCorr   .          Rampage  .   r - +1 pair of gloves
Will    .....                   (no boots)
Stlth   ++........              (no amulet)
HPRegen 0.22/turn               m - ring of ice
MPRegen 0.15/turn               o - +6 ring of intelligence

@: lethally poisoned (-1 -> -8), slowed, glowing, very slow
A: (nimble swimmer 2), mertail, agile 1
a: Renounce Religion


You were on level 9 of the Dungeon.
You worshipped Sif Muna.
Sif Muna was noncommittal.
You visited 2 branches of the dungeon, and saw 10 of its levels.
You also visited: Bailey.

You collected 998 gold pieces.

Inventory:

Hand Weapons
 e - a +3 long sword of freezing
 k - a +1 vorpal trident
 s - a +4 dagger
 v - the +6 battleaxe of Ru's Wrath {venom, Str+2}
   (You took it off an orc warrior in a bailey)

   It poisons the flesh of those it strikes.
   Str:       It affects your strength (+2).
 x - a +1 vorpal hunting sling
Missiles
 j - 21 boomerangs
 q - 5 silver boomerangs
 t - 5 atropa-tipped darts
 y - a curare-tipped dart
 z - 7 sling bullets
 B - a throwing net
 D - 2 poisoned darts
Armour
 a - a +2 cloak of stealth (worn)
 c - an orb of light (worn)
 l - a +0 helmet (worn)
 r - a +1 pair of gloves (worn)
 L - +0 steam dragon scales (worn)
 O - +0 acid dragon scales
Magical Staves
 p - a staff of fire
Jewellery
 i - a ring of magical power
 m - a ring of ice (left hand)
 o - a +6 ring of intelligence (right hand)
 F - a ring of flight
 G - a +4 ring of evasion
 H - a +6 ring of strength
Wands
 w - a wand of acid (2)
 K - a wand of digging (7)
Scrolls
 b - 3 scrolls of amnesia
 f - a scroll of fear
 g - 2 scrolls of immolation
 C - a scroll of enchant armour
 I - a scroll of torment {unknown}
 J - a scroll of brand weapon
 N - a scroll of teleportation
 P - 4 scrolls of identify
Potions
 d - a potion of attraction
 h - 7 potions of flight
 n - 2 potions of mutation
 E - a potion of resistance
Miscellaneous
 A - a phial of floods (inert)


   Skills:
 + Level 4.0 Fighting
 + Level 1.7(3.4) Slings
 * Level 5.4(5.7) Throwing
 + Level 6.5 Dodging
 + Level 2.6 Stealth
 + Level 9.7 Unarmed Combat
 * Level 3.9 Spellcasting
 * Level 10.8 Transmutations
 + Level 6.9 Ice Magic
 + Level 3.2 Poison Magic
 + Level 0.4 Evocations


You had 7 spell levels left.
You knew the following spells:

 Your Spells              Type           Power      Damage    Failure   Level
a - Beastly Appendage     Tmut           100%       N/A       1%          1
b - Wereblood             Tmut           52%        N/A       1%          2
c - Spider Form           Tmut/Pois      36%        N/A       1%          3
d - Ice Form              Ice/Tmut       61%        N/A       2%          4

Your spell library contained the following spells:

 Spells                   Type           Power      Damage    Failure   Level
 Magic Dart               Conj           16%        1d3       11%         1
 Summon Small Mammal      Summ           16%        N/A       11%         1
 Searing Ray              Conj           8%         2d4       16%         2
 Call Canine Familiar     Summ           4%         N/A       32%         3
 Gell's Gravitas          Tloc           4%         N/A       32%         3
 Lesser Beckoning         Tloc           4%         N/A       32%         3
 Summon Guardian Golem    Hex/Summ       4%         N/A       32%         3
 Teleport Other           Tloc           4%         N/A       32%         3
 Fulminant Prism          Conj/Hex       2%         3d6       71%         4


Dungeon Overview and Level Annotations

Branches:
Dungeon (9/15)             Temple (1/1) D:7            Lair (0/6) D:8
 Bailey (visited)
    Orc: D:9-12

Altars:
Ashenzari
Cheibriados
Dithmenos
Elyvilon
Fedhas
Gozag
Hepliaklqana
Kikubaaqudgha
Makhleb
Nemelex Xobeh
Okawaru
Ru
Sif Muna
Trog
Uskayaw
Vehumet
Wu Jian
Xom
Yredelemnul
Zin
The Shining One

Shops:
D:5 (

Annotations:
D:4 exclusion: statue


Innate Abilities, Weirdness & Mutations

((You are very nimble when in or above water. (Stealth+, EV+, Speed+++)))
Your lower body shifts to a powerful aquatic tail in water.
You are agile. (Dex +2)


Message History

The electric eel shoots out a bolt of lightning at you!
The bolt of electricity hits you! The hornet stings you.
You feel as though you will be slow longer.
You can move again.
The hornet closely misses you. The hornet closely misses you.
You feel yourself speed up. The hornet misses you. The hornet stings you!
You are poisoned.
You feel yourself slow down.
You feel yourself speed up.
You feel very sick. The hornet stings you.
* * * LOW HITPOINT WARNING * * *
You feel yourself slow down.
The electric eel shoots out a bolt of lightning at you!
The bolt of electricity hits you!
* * * LOW HITPOINT WARNING * * *
You feel very sick. The hornet stings you!
* * * LOW HITPOINT WARNING * * *
You feel as though you will be slow longer.
The hornet closely misses you.
Unknown command.
You feel better.
You feel yourself speed up. The hornet closely misses you.
The hornet stings you.
* * * LOW HITPOINT WARNING * * *
You are lethally poisoned!
You feel yourself slow down.
Unknown command.
* * * LOW HITPOINT WARNING * * *
You feel very sick. The hornet closely misses you. The hornet stings you.
* * * LOW HITPOINT WARNING * * *
You feel as though you will be slow longer.
There is an open gate, spattered with blood here.
Unknown command.
It was a potion of magic.
Magic courses through your body.
You die...

..≈≈≈≈≈...P.P.P.P.P.
...≈≈≈≈≈...P.P.P.P.P.
....≈≈≈≈≈.....P...P...
....≈≈≈≈≈..P.P.P.P...P.
........................
........................
....≈≈≈≈≈≈.............♣
....≈≈≈≈≈...y..........♣
...≈≈≈≈≈≈...#@''#......♣
..≈≈≈≈≈≈...##...##.....♣
.≈≈≈≈≈S≈..##.....##....♣
≈≈≈≈≈≈≈≈..#...<...#...♣♣
≈≈≈≈≈≈≈...#....÷..# .♣♣
≈≈≈≈≈≈....#..<÷<..# ♣
≈≈≈≈≈≈♣...##.....##
≈≈≈≈≈...≈≈.##...##
≈≈≈...≈≈≈≈..#####..♣


You could see a hornet.

Vanquished Creatures
  A hydra (D:9)
  3 orc knights (Bailey)
  Pikel (D:5)
  Maggie (D:7)
  A komodo dragon (D:8)
  Sigmund (D:2)
  2 wyverns
  2 basilisks (D:8)
  A hog (D:8)
  A steam dragon (D:8)
  Duvessa (D:7)
  8 orc warriors
  A black bear (D:6)
  2 necrophages
  3 ogres
  3 centaurs
  4 lemures
  2 kobold brigands (D:8)
  3 bullfrogs
  A scorpion (D:6)
  A wyvern skeleton (D:7)
  Dowan (D:7)
  A water moccasin skeleton (D:5)
  3 wights
  3 howler monkeys (D:7)
  A centaur zombie (D:6)
  2 jellies
  4 orc priests
  2 hounds
  Crazy Yiuf (D:2)
  A centaur skeleton (D:7)
  2 iguanas (D:6)
  2 orc wizards
  Robin (D:2)
  A howler monkey zombie (D:8)
  6 gnolls
  6 adders
  A shadow imp (D:6)
  2 white imps (D:5)
  2 worms
  3 dart slugs
  21 orcs
  4 bats
  2 endoplasms
  2 giant cockroaches (D:4)
  23 goblins
  11 hobgoblins
  5 jackals
  2 quokkas
  11 ball pythons
  5 frilled lizards
  27 kobolds
  3 rats
  A spectral orc (D:8)
205 creatures vanquished.

Vanquished Creatures (others)
  A necrophage (D:7)
  13 plants (D:9)
14 creatures vanquished.

Grand Total: 219 creatures vanquished

Notes
Turn   | Place    | Note
-------+----------+-------------------------------------------
     0 | D:1      | Icepheonix32 the Merfolk Transmuter began the quest for the
                  | Orb.
     0 | D:1      | Reached XP level 1. HP: 15/15 MP: 3/3
   480 | D:1      | Reached XP level 2. HP: 21/21 MP: 3/5
   704 | D:1      | Reached skill level 3 in Transmutations
  1252 | D:2      | Reached XP level 3. HP: 23/26 MP: 4/6
  1534 | D:1      | Learned a level 2 spell: Wereblood
  1538 | D:1      | Learned a level 3 spell: Spider Form
  1766 | D:2      | Noticed Robin
  1772 | D:2      | Reached XP level 4. HP: 25/32 MP: 5/7
  1783 | D:2      | Killed Robin
  2216 | D:2      | Reached skill level 1 in Poison Magic
  2262 | D:2      | Found a runed translucent door.
  2263 | D:2      | Noticed Crazy Yiuf
  2315 | D:2      | You fall into a shaft and drop 2 floors!
  2628 | D:3      | Reached skill level 5 in Unarmed Combat
  2628 | D:3      | Reached XP level 5. HP: 12/37 MP: 8/8
  3353 | D:3      | Found a faded altar of an unknown god.
  3452 | D:3      | Reached skill level 4 in Transmutations
  4259 | D:4      | Reached XP level 6. HP: 36/43 MP: 9/9
  4401 | D:4      | Found a radiant altar of Vehumet.
  4911 | D:2      | Noticed Sigmund
  4920 | D:2      | Killed Sigmund
  5058 | D:2      | Killed Crazy Yiuf
  5059 | D:2      | Reached skill level 5 in Transmutations
  5394 | D:5      | Entered Level 5 of the Dungeon
  5406 | D:5      | Reached XP level 7. HP: 35/48 MP: 10/10
  6046 | D:5      | Found Onkimuto's Weapon Boutique.
  6117 | D:4      | Learned a level 4 spell: Ice Form
  6525 | D:5      | Reached skill level 1 in Ice Magic
  6543 | D:5      | Found a sacrificial altar of Ru.
  6653 | D:5      | Noticed Pikel
  6975 | D:6      | Reached skill level 1 in Slings
  6978 | D:6      | Reached skill level 6 in Transmutations
  7348 | D:6      | Reached XP level 8. HP: 41/54 MP: 11/11
  7740 | D:6      | Reached skill level 5 in Dodging
  7972 | D:6      | Noticed a wyvern
  7984 | D:6      | Killed a wyvern
  7985 | D:6      | Reached skill level 1 in Stealth
  7985 | D:6      | Reached skill level 7 in Transmutations
  8223 | D:7      | Found a flagged portal.
  8250 | D:7      | Gained mutation: Your spells are a little easier to cast,
                  | but a little less powerful. [potion of mutation]
  8250 | D:7      | Gained mutation: You are agile. (Dex +2) [potion of
                  | mutation]
  8250 | D:7      | Lost mutation: Your spells are a little easier to cast, but
                  | a little less powerful. [potion of mutation]
  8258 | D:7      | Reached XP level 9. HP: 25/61 MP: 12/12
  8264 | D:7      | Noticed Duvessa
  8266 | D:7      | Reached skill level 8 in Transmutations
  8270 | D:7      | Noticed Dowan
  8375 | D:7      | Found a glowing silver altar of Zin.
  8416 | Bailey   | Entered a bailey
  8590 | Bailey   | Noticed an orc knight
  8595 | Bailey   | Noticed an orc knight
  8595 | Bailey   | Identified the +6 battleaxe of Ru's Wrath {venom, Str+2}
  8627 | Bailey   | Noticed an orc knight
  8678 | Bailey   | Reached skill level 5 in Ice Magic
  8821 | Bailey   | Reached skill level 1 in Throwing
  8901 | Bailey   | Killed an orc knight
  8902 | Bailey   | Reached skill level 9 in Transmutations
  9099 | Bailey   | Killed an orc knight
  9566 | Bailey   | Reached XP level 10. HP: 49/69 MP: 14/14
  9755 | Bailey   | Killed an orc knight
 10197 | D:7      | Found a broken altar of Ashenzari.
 10237 | D:7      | HP: 2/70 [orc priest/divine providence (13)]
 10906 | D:5      | Killed Pikel
 11518 | D:7      | Found an iron altar of Okawaru.
 11550 | D:7      | Found a staircase to the Ecumenical Temple.
 11564 | D:7      | Noticed Maggie
 11576 | Temple   | Entered the Ecumenical Temple
 11703 | Temple   | Became a worshipper of Sif Muna the Loreminder
 11808 | D:7      | Killed Maggie
 11809 | D:7      | Reached skill level 10 in Transmutations
 12010 | D:7      | Found a shadowy altar of Dithmenos.
 12049 | D:7      | Found a shimmering altar of Xom.
 12050 | D:7      | Found a hazy altar of Hepliaklqana.
 12051 | D:7      | Noticed a spectral ugly thing
 12177 | D:7      | Killed Dowan
 12225 | D:7      | Killed Duvessa
 12543 | D:8      | Found a basalt altar of Yredelemnul.
 13001 | D:8      | Reached * piety under Sif Muna
 13002 | D:8      | Reached skill level 5 in Throwing
 13334 | D:8      | Found a glowing golden altar of the Shining One.
 13643 | D:8      | Found a staircase to the Lair.
 13961 | D:9      | Noticed a six-headed hydra
 14011 | D:9      | Killed a six-headed hydra
 14012 | D:9      | Reached XP level 11. HP: 31/77 MP: 12/16
 14279 | D:9      | Paralysed by a hornet for 1 turns
 14285 | D:9      | HP: 1/77 [hornet (9)]
 14288 | D:9      | Succumbed to a hornet's poison

Illustrated notes

Levels and vault maps discovered:
D:1:      dpeg_arrival_snail, layout_basic
D:2:      layout_basic, uniq_sigmund, uniq_crazy_yiuf_cottage, uniq_robin
D:3:      layout_loops_ring, hellmonk_ecumenical_altar_pennies_from_heaven
D:4:      layout_loops_cross, vehumet_statue
D:5:      layout_basic, nicolae_ru_path_of_blood, serial_shops,
          nicolae_shop_bloodbath_and_beyond, uniq_pikel
D:6:      layout_cave_pods
D:7:      layout_gridville, nicolae_dithmenos_through_a_glass_darkly,
          lemuel_tele_altar, nicolae_overflow_crystal_walls,
          mainiacjoe_overflow_alcove_1, regret_index_temple_of_mockery,
          minmay_temple_entry_ruins, enter_bailey_5, uniq_duvessa, uniq_maggie
D:8:      layout_loops_ring, yredelemnul_forgotten_temple_becter,
          mainiacjoe_overflow_concentric_impassable, erik_lair_dragon,
          feat_on_display
D:9:      kennysheep_town, serial_shops, uniq_psyche
Temple:   jpeg_temple_clearing

Skill      XL: |  1  2  3  4  5  6  7  8  9 10 |
---------------+-------------------------------+-----
Transmutations | 3 4 5 6 7 9 10 | 10.8
Dodging        | 3 4 5 6 |  6.5
Unarmed Combat | 4 5 6 7 8 9 |  9.7
Poison Magic   | 1 2 3 |  3.2
Ice Magic      | 1 4 6 |  6.9
Slings         | 1 |  1.7
Stealth        | 1 2 |  2.6
Throwing       | 3 5 |  5.4
Fighting       | 2 4 |  4.0
Spellcasting   | 3 |  3.9
Evocations     | |  0.4

Action                   |  1- 3 |  4- 6 |  7- 9 | 10-12 || total
-------------------------+-------+-------+-------+-------++-------
Melee: Unarmed           |    54 |   136 |   185 |   160 ||   535
       Headbutt          |     8 |    19 |    23 |    10 ||    60
       Trident           |       |       |   155 |    24 ||   179
       Tailslap          |       |       |     6 |     6 ||    12
 Fire: Hunting sling     |       |    39 |    30 |       ||    69
Throw: Boomerang         |       |       |    85 |    17 ||   102
 Cast: Beastly Appendage |    14 |    26 |    12 |     5 ||    57
       Wereblood         |       |     3 |     2 |     4 ||     9
       Spider Form       |       |     3 |    10 |     1 ||    14
       Ice Form          |       |       |       |    10 ||    10
 Abil: End Transformatio |       |       |       |     1 ||     1
Evoke: Wand              |       |       |     2 |       ||     2
       Phial of floods   |       |       |       |     1 ||     1
  Use: Potion            |       |     2 |     5 |     5 ||    12
       Scroll            |       |    10 |     6 |     1 ||    17
 Stab: Sleeping          |       |       |     1 |     1 ||     2
Armor: Robe              |     6 |    22 |    24 |    11 ||    63
       Skin              |       |       |     3 |    51 ||    54
       Steam dragon scal |       |       |       |    12 ||    12
Dodge: Dodged            |    39 |    93 |   206 |   113 ||   451
